 Dungeon Crawl Stone Soup version 0.28-a0-1395-g4f6bc678fa (webtiles) character file.

Game seed: 14340297823526703711

57 Lekart the Skirmisher (level 3, 0/33 HPs)
             Began as a Draconian Fighter on Jan 4, 2022.
             Succumbed to an adder's poison
             ... on level 2 of the Dungeon.
             The game lasted 00:01:24 (1711 turns).

Lekart the Skirmisher (Draconian Fighter)           Turns: 1711, Time: 00:01:25

Health: 0/33       AC:  5    Str: 20    XL:     3   Next: 73%
Magic:  3/3        EV: 12    Int:  8    God:
Gold:   60         SH:  4    Dex: 10    Spells: 2/2 levels left

rFire   . . .      SeeInvis .   a - +0 war axe
rCold   . . .      Faith    .   b - +0 buckler
rNeg    . . .      Spirit   .   (armour unavailable)
rPois   .          Reflect  .   (helmet restricted)
rElec   .          Harm     .   (no cloak)
rCorr   .          Rampage  .   (no gloves)
Will    .....                   (no boots)
Stlth   +.........              (no amulet)
HPRegen 0.11/turn               (no ring)
MPRegen 0.08/turn               (no ring)

@: lethally poisoned (0 -> -11)
A: AC +5, unfitting armour, cold-blooded
a: no special abilities


You were on level 2 of the Dungeon.
You visited 1 branch of the dungeon, and saw 2 of its levels.

You collected 60 gold pieces.

Inventory:

Hand Weapons
 a - a +0 war axe (weapon)
Armour
 b - a +0 buckler (worn)
Jewellery
 f - a +6 ring of strength
 j - an amulet of faith
Scrolls
 d - a scroll of blinking {unknown}
 e - a scroll of fog {unknown}
 g - a scroll of teleportation {unknown}
 h - 2 scrolls of identify {unknown}
Potions
 c - a potion of might
 i - a potion of attraction {unknown}


   Skills:
 + Level 3.7 Fighting
 + Level 2.8 Axes
 + Level 3.0 Dodging
 * Level 3.5 Shields


You had 2 spell levels left.
You didn't know any spells.
Your spell library was empty.

Dungeon Overview and Level Annotations

Branches:
Dungeon (2/15)

Altars:

Annotations:
D:1 exclusion: downstairs


Innate Abilities, Weirdness & Mutations

Your plain brown scales are hard. (AC +5)
You cannot fit into any form of body armour.
You are cold-blooded and may be slowed by cold attacks.


Message History

The adder is lightly wounded.
You slash the kobold!
You kill the kobold!
The adder bites you.
You are poisoned.
The adder poisons you! The adder bites you.
You are more poisoned.
The adder poisons you!
You miss the adder.
The adder is lightly wounded.
You feel very sick. The adder bites you. x2
You miss the adder.
Your tail-slap misses the adder.
The adder is lightly wounded.
You feel sick. The adder closely misses you.
You slash the adder!
Your tail-slap misses the adder.
The adder is almost dead.
You feel sick. The adder closely misses you. x2
You are too injured to fight recklessly!
You are too injured to fight recklessly!
You are too injured to fight recklessly!
You barely miss the adder.
The adder is almost dead.
You feel sick. The adder bites you.
You are more poisoned.
The adder poisons you! The adder barely misses you.
You barely miss the adder.
The adder is almost dead.
You feel sick. The adder bites you.
* * * LOW HITPOINT WARNING * * *
You block the adder's attack.
You completely miss the adder.
The adder is almost dead.
You feel sick. The adder bites you.
* * * LOW HITPOINT WARNING * * *
You are more poisoned.
The adder poisons you! The adder closely misses you.
You closely miss the adder.
The adder is almost dead.
You die...

>. .. . #
#.##########
#..........#
#......<...#
#..........#
#.....)@...#
+......S...#
#..........#
#####......#
########


You could see an adder.

Vanquished Creatures
  2 gnolls (D:1)
  An adder (D:2)
  A dart slug (D:1)
  5 ball pythons
  An endoplasm (D:2)
  4 giant cockroaches
  A goblin (D:1)
  4 hobgoblins (D:1)
  A quokka (D:1)
  A frilled lizard (D:1)
  3 kobolds
  3 rats (D:1)
27 creatures vanquished.

Vanquished Creatures (others)
  2 plants (D:2)
2 creatures vanquished.

Grand Total: 29 creatures vanquished

Notes
Turn   | Place    | Note
-------+----------+-------------------------------------------
     0 | D:1      | Lekart the Draconian Fighter began the quest for the Orb.
     0 | D:1      | Reached XP level 1. HP: 19/19 MP: 1/1
     0 | D:1      | Noticed an octopode
     0 | D:1      | Noticed a naga
     1 | D:1      | Noticed a ghoul
     3 | D:1      | Noticed a barachi
     3 | D:1      | Noticed a ghoul
     5 | D:1      | Noticed an octopode
     6 | D:1      | Noticed a demonspawn
     8 | D:1      | Noticed a draconian
     9 | D:1      | Noticed a draconian
    11 | D:1      | Noticed a draconian
    13 | D:1      | Noticed a dwarf
    13 | D:1      | Noticed a vine stalker
    15 | D:1      | Noticed a troll
    15 | D:1      | Noticed a barachi
    17 | D:1      | Noticed a ghoul
    17 | D:1      | Noticed an octopode
    17 | D:1      | Noticed a gargoyle
    21 | D:1      | Noticed a gargoyle
    43 | D:1      | Reached XP level 2. HP: 15/26 MP: 2/2
   830 | D:1      | Reached XP level 3. HP: 19/31 MP: 3/3
  1711 | D:2      | Succumbed to an adder's poison

Illustrated notes

Levels and vault maps discovered:
D:1:      shiori_arrival_whats_in_store_for_you, layout_basic
D:2:      layout_basic, serial_forest, infiniplex_forest_lined_room_2,
          infiniplex_forest_straight_3, infiniplex_forest_end_3,
          infiniplex_forest_corner_1, infiniplex_forest_clump_double,
          infiniplex_forest_lined_3, infiniplex_forest_clump_curved

Skill      XL: |  1  2 |
---------------+-------+-----
Dodging        | 3 |  3.0
Fighting       | |  3.7
Axes           | |  2.8
Shields        | |  3.5

Action                   || total
-------------------------++-------
Melee: War axe           ||    78
       Tailslap          ||    11
 Stab: Sleeping          ||     1
Armor: Skin              ||    24
Dodge: Dodged            ||    51
Block: Buckler           ||    19

Table legend: (Time is in decaauts)
 A = Elapsed time spent in this place.
 B = Non-inter-level travel time spent in this place.
 C = Inter-level travel time spent in this place.
 D = Time resting spent in this place.
 E = Time spent auto-exploring this place.
 F = Levels seen in this place.
 G = Mean time per level.
                   A        B        C        D        E       F      G
               +--------+--------+--------+--------+--------+-----+--------+
         Total |   1744 |   1690 |     54 |    375 |   1072 |   2 |  872.0 |
       Dungeon |   1744 |   1690 |     54 |    375 |   1072 |   2 |  872.0 |
               +--------+--------+--------+--------+--------+-----+--------+

Top non-repeatable levels by time:
     D:1: 1463 daAuts
     D:2: 281 daAuts
